 Dungeon Crawl Stone Soup version 0.17.0-28-g6e173f8 (webtiles) character file.

1046 ventricule the Conjurer (level 8, -8/57 HPs)
             Began as a Vampire Air Elementalist on Nov 27, 2015.
             Was an Initiate of Makhleb.
             Mangled by an ogre
             ... wielding a +0 giant club
              (29 damage)
             ... on level 5 of the Dungeon.
             The game lasted 00:21:11 (8074 turns).

ventricule the Conjurer (Vampire Air Elementalist)  Turns: 8074, Time: 00:21:11

Health: -8/57      AC:  3    Str:  8    XL:     8   Next: 5%
Magic:  2/11       EV: 13    Int: 18    God:    Makhleb [......]
Gold:   203        SH:  7    Dex: 15    Spells: 4 memorised, 3 levels left

rFire  . . .     SeeInvis +     k - +5 spear
rCold  + + .     Clarity  .     a - +0 robe
rNeg   + + +     SustAt   .     n - +2 buckler {reflect}
rPois  +         Gourm    .     (no helmet)
rElec  .         Spirit   .     (no cloak)
rCorr  .         Warding  .     d - +0 pair of gloves
rMut   .         Stasis   .     (no boots)
MR     .....                    (no amulet)
Stlth  ++........               m - ring of wizardry
                                (no ring)

@: very slightly contaminated, regenerating slowly, drained, not resistant to
hostile enchantments, unstealthy
A: fangs 3, see invisible, unbreathing
a: Bat Form, Renounce Religion


You were on level 5 of the Dungeon.
You worshipped Makhleb.
Makhleb was noncommittal.
You were near bloodless.

You visited 2 branches of the dungeon, and saw 6 of its levels.

You collected 203 gold pieces.


Innate Abilities, Weirdness & Mutations

You heal slowly.
You have razor-sharp teeth.
You have supernaturally acute eyesight.
You can survive without breathing.


   Skills:
 - Level 2.7(1.6) Fighting
 - Level 4.1(2.9) Dodging
 - Level 3.2(2.1) Stealth
 + Level 4.0(2.8) Shields
 - Level 2.2(1.1) Spellcasting
 - Level 4.9(3.7) Conjurations
 - Level 3.0(1.9) Air Magic


You had 3 spell levels left.
You knew the following spells:

 Your Spells              Type           Power        Failure   Level  Hunger
d - Repel Missiles        Chrm/Air       #.....       10%         2    ###....
s - Swiftness             Chrm/Air       #.......     10%         2    ###....
z - Shock                 Conj/Air       ##..         4%          1    ##.....
Z - Static Discharge      Conj/Air       ##......     9%          3    ####...

Inventory:

Hand Weapons
 h - a +0 short sword
 k - a +5 spear (weapon)
 o - a cursed +0 hunting sling
 s - a +0 blowgun
Missiles
 r - 12 poisoned needles
Armour
 a - a +0 robe (worn)
 d - a +0 pair of gloves (worn)
 n - a +2 buckler of reflection (worn)
Jewellery
 j - an uncursed ring of flight
 m - a ring of wizardry (right hand)
 q - an uncursed ring of see invisible
 x - the ring "Upleczo" {Ice *Drain rN+++ Int-5 Dex+4}

   [ring of ice]

   It enhances your ice magic, and weakens your fire magic.
   It affects your intelligence (-5).
   It affects your dexterity (+4).
   It makes you vulnerable to fire.
   It protects you from cold.
   It renders you almost immune to negative energy.
   It causes draining when unequipped.
Scrolls
 c - 2 scrolls of remove curse
 e - 2 scrolls of teleportation {@r4}
 g - a scroll of random uselessness
 i - a scroll of recharging
 v - a scroll of amnesia
 w - a scroll of blinking
 y - a scroll of enchant weapon
Potions
 f - 3 potions of brilliance
 l - a potion of berserk rage {unknown}
 p - a potion of agility {unknown}
 t - a potion of invisibility {unknown}
 u - a potion of haste {unknown}
Books
 b - a book of Air

   Spells                             Type                      Level
   a - Shock                          Conjuration/Air              1
   b - Swiftness                      Charms/Air                   2
   c - Repel Missiles                 Charms/Air                   2
   d - Static Discharge               Conjuration/Air              3
   e - Lightning Bolt                 Conjuration/Air              5

Dungeon Overview and Level Annotations

Branches:
Dungeon (5/15)             Temple (1/1) D:4

Altars:
Ashenzari
Cheibriados
Elyvilon
Fedhas
Kikubaaqudgha
Makhleb
Okawaru
Qazlal
Ru
Sif Muna
Trog
Vehumet
Xom
Yredelemnul
Zin
The Shining One

Shops:
D:2

*
...▒▒▒▒▒.....▒..▒▒▒▒▒▒▒▒▒........
...▒.....▒▒▒▒▒..▒▒▒........▒'▒▒▒▒
...▒.....▒..▒.....+........▒.....
...▒.....▒..▒.....▒........▒.....
...▒.....▒'▒▒▒▒'▒▒▒........▒..▒▒.
...'.......................▒..▒▒.
...▒.......................▒..▒▒.
..▒▒...............▒▒▒▒▒+▒▒▒..▒▒.
..▒▒▒▒▒▒▒.......V..▒,,,,,,,...▒▒▒
...▒ ▒......▒▒O▒▒,,,,,,<...▒▒.
...▒ ▒......▒.)▒░,,>,,░▒...░▒.
...▒ ▒......▒..▒░,,,,,░░,,,▒▒.
...▒ ▒......▒..▒,,,,,,,,,,,▒..
...▒ ▒......▒..▒,,,,,,,,,,,▒..
..▒▒ ▒......▒..▒░░,,▒░░▒+░░▒▒.
..▒▒▒▒▒▒▒.....▒▒..▒▒▒..▒▒▒▒..▒▒▒.
........▒.....+.....O........)...


You could see an ogre.


Message History

The ogre is moderately wounded.
The zap hits the orc.
The orc is moderately wounded.
Aiming: Shock
Aim: an orc, wielding a club (moderately wounded)
The zap hits the ogre.
The ogre is heavily wounded.
The zap hits the orc.
The orc is almost dead.
There is an open door here.
The ogre is struck by lightning.
The ogre is severely wounded.
The lightning arcs!
You are struck by lightning.
The lightning grounds out.
The ogre hits you with a giant club!!
Aiming: Shock The zap hits the ogre.
The ogre is severely wounded.
The ogre hits you with a giant club!
* * * LOW HITPOINT WARNING * * *
Aiming: Shock
Aim: an orc, wielding a club (almost dead)
The zap hits the ogre.
The ogre is severely wounded.
The zap hits the orc.
You kill the orc!
Makhleb accepts your kill.
Your base Shields skill increases to level 4!
The ogre hits you with a giant club!!
Ouch! That really hurt!
You die...

Action                   |  1- 3 |  4- 6 |  7- 9 || total
-------------------------+-------+-------+-------++-------
Melee: Spear             |    19 |    70 |    92 ||   181
 Cast: Shock             |    67 |    59 |    49 ||   175
       Repel Missiles    |     1 |     1 |       ||     2
       Static Discharge  |       |       |     3 ||     3
  Use: Potion            |       |     2 |       ||     2
       Scroll            |       |       |    12 ||    12
 Stab: Sleeping          |     4 |     3 |     3 ||    10
       Distracted        |     1 |       |     1 ||     2
  Eat: Corpse            |     3 |     8 |     2 ||    13

Vault maps used:
D:1:      matt_arrival_diagonals
D:2:      zin_purify, ecumenical_altar_2, kennysheep_generic_room_2
D:3:      trog_eyes_of_draining, first_bread
D:4:      led_xom_imps, minmay_temple_entry_nine_rooms
D:5:      okawaru_ov_weapons_minmay, uniq_pikel
Temple:   circular_temple_13

Notes
Turn   | Place    | Note
--------------------------------------------------------------
     0 | D:1      | ventricule the Vampire Air Elementalist began the quest for the Orb.
     0 | D:1      | Reached XP level 1. HP: 13/13 MP: 3/3
   231 | D:1      | Reached skill level 1 in Conjurations
   303 | D:1      | Reached XP level 2. HP: 19/19 MP: 1/5
   631 | D:1      | Learned a level 2 spell: Repel Missiles
   634 | D:1      | Learned a level 2 spell: Swiftness
  1395 | D:1      | Reached XP level 3. HP: 24/24 MP: 4/6
  1693 | D:2      | Reached skill level 2 in Conjurations
  1766 | D:2      | Found a glowing silver altar of Zin.
  1767 | D:2      | Found Zin's Purification Station.
  1779 | D:2      | Found a faded altar to an unknown god.
  2866 | D:3      | Reached XP level 4. HP: 18/30 MP: 2/7
  3190 | D:3      | Reached skill level 3 in Conjurations
  3508 | D:3      | Reached XP level 5. HP: 32/35 MP: 5/8
  4094 | D:3      | Learned a level 3 spell: Static Discharge
  4542 | D:3      | Noticed an eye of draining
  4595 | D:3      | Found a bloodstained altar of Trog.
  4595 | D:3      | Noticed an eye of draining
  4618 | D:3      | Killed an eye of draining
  4618 | D:3      | Reached skill level 4 in Conjurations
  4618 | D:3      | Reached XP level 6. HP: 41/41 MP: 0/9
  4628 | D:3      | Killed an eye of draining
  5174 | D:4      | Reached skill level 1 in Fighting
  5926 | D:4      | Reached skill level 3 in Dodging
  5926 | D:4      | Reached XP level 7. HP: 44/49 MP: 5/10
  6001 | D:4      | Found a shimmering altar of Xom.
  6080 | D:4      | Reached skill level 2 in Fighting
  6279 | D:4      | Found a staircase to the Ecumenical Temple.
  6310 | D:4      | Reached skill level 4 in Dodging
  6370 | D:4      | Reached skill level 1 in Shields
  6425 | Temple   | Entered the Ecumenical Temple
  6455 | Temple   | Became a worshipper of Makhleb the Destroyer
  6866 | D:4      | Reached skill level 2 in Shields
  6998 | D:5      | Entered Level 5 of the Dungeon
  7017 | D:5      | Found an iron altar of Okawaru.
  7191 | D:5      | Reached skill level 3 in Shields
  7726 | D:5      | Reached XP level 8. HP: 26/57 MP: 1/11
  7730 | D:5      | Got a smoking pewter ring
  7732 | D:5      | Identified the ring "Upleczo" {Ice *Drain rN+++ Int-5 Dex+4} (You took it off a centaur on level 5 of the Dungeon)
  8074 | D:5      | Reached skill level 4 in Shields
  8074 | D:5      | Mangled by an ogre

Vanquished Creatures
  A sky beast (D:5)
  2 eyes of draining (D:3)
  An ogre (D:4)
  A centaur (D:5)
  A scorpion (D:4)
  4 crimson imps (D:4)
  2 jellies
  An orc priest (D:3)
  2 orc wizards (D:3)
  2 worker ants (D:4)
  2 hound zombies (D:5)
  6 gnolls
  7 adders
  An adder skeleton (D:4)
  A worm (D:2)
  4 giant geckos
  11 orcs
  A ball python (D:4)
  5 giant cockroaches
  7 hobgoblins
  4 jackals (D:4)
  8 bats
  7 giant newts
  7 goblins
  A jackal zombie (D:5)
  9 kobolds
  A quokka skeleton (D:4)
  9 rats
108 creatures vanquished.
